Workbook

Sheet ZALICZKOWE
A1: ZALICZKOWE ŚWIADECTWO PŁATNOŚCI/ THE ADVANCE PAYMENT CERTIFICATE
A3: Tytuł i numer Kontraktu /Tittle and number of the Contract: | H3: Data wydania / Date of issue :
A4: Zamawiający /Contracting Authority: | H4: Data rozpoczęcia Robót /Commencement date :
A5: Inżynier Kontraktu /Contract Engineer: | H5: Data zakończenia Robót /Completion date :
A6: Wykonawca /Contractor :
A7: Opis Kontraktu /Description of the Contract: | G7: Waluta kontraktowa /Currency of the Contract: | I7: EURO
F8: Kwota kontraktu (bez VAT) / Contract price (excl. VAT)
A10: Podstawa/ Base: | B10: Warunki Kontraktu Klauzula 14.2/ Conditions Contract Clause 14.2
A12: Poziom zaliczki/ Level of advance payment: | C12: 0.1 | D12: Ceny Kontraktu/ Contract price
A14: Kwota zaliczki/ Sum of advance payment | C14: Cena Kontraktu/ Price of Contract x 0,10 | F14: = | H14: =ROUND(I8*0.15,2) -> 0 | I14: EURO
C16: przyjęto w zaokrągleniu/ rounded up value | I16: EURO
A18: Słownie/ In words:
A20: Warunki wypłaty wg Klauzuli 14.2.1 / Conditons of payment according to Clause 14.2.1 Data wykonania/Completion Date:
A22: a) rozpoczęcie Umowy / commencement of the Contract:
A23: (podpisanie Umowy przez Wykonawcę/ date of signing the Contract by Contractor)
A24: b) przekazanie gwarancji wykonania/ providing of Performance Guarantee:
A25: c) przekazanie gwarancji zaliczki / providing of Advance Payment Guarantee:
A27: Zaliczka zostanie spłacona wg Klauzuli 14.2.2/ Advance Payment shell be returned according to the Clause 14.2.2
A29: Poświadczam/ Confirmed by:: ...................................
C31: (podpis/ signature)
A32: Data/ Date:

Sheet zbiorczy_arkusz "A"
A1: ZBIORCZE PRZEJŚCIOWE ŚWIADECTWO PŁATNOŚCI / TOTAL INTERIM PAYMENT CERTIFICATE Nr | G1: 0
C2: ROBOTY WEDŁUG KONTRAKTU / WORKS ACCORDING TO THE CONTRACT
D3: ARKUSZ "A" /SHEET "A"
H4: Data wydania / Date of issue : | I4: 0
A5: Tytuł i numer Kontraktu /Tittle and number of the Contract: | G5: Data rozpoczęcia Robót /Commencement date :
A7: Zamawiający /Contracting Authority: | G7: Data zakończenia Robót / Completion date :
A9: Inżynier Kontraktu /Contract Engineer:
A11: Wykonawca /Contractor : | G11: Waluta kontraktowa /Currency of the Contract: | I11: EUR
A13: Opis Kontraktu /Description of the Contract: | G13: Kwoty w tabeli nie zawierają VAT / Values in the table do not include VAT
H14: Cena kontraktowa (z rezerwą )
G15: Contract price (with reserve)
A16: Wartość zgodnie z Kontraktem/ Value according to the contract | D16: Zmiana wartości Calkowitej / Change in Total Value | F16: Wartość /Value | H16: % zaawansowania na koniec okresu rozlicznio- wego / % of advancement at the end of the accounts period | I16: Pozostaje do zapłaty -prognoza /Remains for payment - forecast
A17: Odcinek Nr / Section No | B17: Nazwa odcinka/ name of the Section | C17: Wartość całkowita /Total value | E17: Do okresu rozlicze- niowego /Until the beginning of the accounts period | F17: Na koniec okresu rozlicze- niowego /At the end of the accounts period | G17: W okresie rozlicze- niowym /During the accounts period
A18: a | B18: b | C18: c | D18: d | E18: e | F18: f | G18: g | H18: h | I18: j
A19: I | B19: nawa odcinka | C19: 2541668.5 | D19: 2541668.5 | E19: 0 | F19: 0 | G19: 0 | H19: 0 | I19: 2541668.5
B20: name of the Section | H20: 0 | I20: 2541668.5
A21: II | B21: nawa odcinka | C21: 121513.49 | D21: 121513.49 | E21: 0 | F21: 0 | G21: 0 | H21: 0 | I21: 121513.49
B22: name of the Section | H22: 0 | I22: 121513.49
A23: III | B23: nawa odcinka | C23: 504547.74 | D23: 504547.74 | E23: 0 | F23: 0 | G23: 0 | H23: 0 | I23: 504547.74
B24: name of the Section | H24: 0 | I24: 504547.74
A25: IV | B25: nawa odcinka | C25: 301790.64 | D25: 301790.64 | E25: 0 | F25: 0 | G25: 0 | H25: 0 | I25: 301790.64
B26: name of the Section | H26: 0 | I26: 301790.64
A27: V | B27: nawa odcinka | C27: 933782.9 | D27: 933782.9 | E27: 0 | F27: 0 | G27: 0 | H27: 0 | I27: 933782.9
B28: name of the Section | H28: 0 | I28: 933782.9
A29: VI | B29: nawa odcinka | C29: 533605.81 | D29: 533605.81 | E29: 0 | F29: 0 | G29: 0 | H29: 0 | I29: 533605.81
B30: name of the Section | H30: 0 | I30: 533605.81
B31: ŁĄCZNIE / TOTAL | C31: 4936909 | D31: 4936909 | E31: 0 | F31: 0 | G31: 0 | H31: 0 | I31: 4936909
B33: POTWIERDZONE PRZEZ / CONFIRMED BY:
B313: Potwierdzone przez:
G315: #REF!

Sheet zbiorczy_arkusz "D"
A1: ZBIORCZE PRZEJŚCIOWE ŚWIADECTWO PŁATNOŚCI / TOTAL INTERIM PAYMENT CERTIFICATE Nr | G1: 0
B2: KWOTY ZATRZYMANE WEDŁUG KLAUZUL /RETENTION MONEY ACCORDING TO CLAUSES 14.3 i 14.9
A3: ARKUSZ "D" /SHEET "D" | F3: Data wydania / Date of issue :
A4: Tytuł i numer Kontraktu /Tittle and number of the Contract: | G4: Data rozpoczęcia Robót /Commencement date :
A5: Zamawiający /Contracting Authority: | G5: Data zakończenia Robót /Completion date :
A6: Inżynier Kontraktu /Contract Engineer:
A7: Wykonawca /Contractor : | G7: Waluta kontraktowa /Currency of the Contract: | H7: EUR
A8: Opis Kontraktu /Description of the Contract: | G8: Kwoty w tabeli nie zawierają VAT / Values in the table do not include VAT
G9: Cena kontraktowa (z rezerwą )
G10: Contract price (with reserve)
A12: Lp./ Item | D12: Kwoty świadectw płatności/Interim payment certificates value | G12: Kwoty zatrzymane/Retained money
B13: Numer Świadectwa Płatności miesiąc, rok / Number of the Payment Certificate month, year | C13: do okresu rozliczenio- wego /Until the beginning of the accounts period | D13: na koniec okresu roz- liczeniowego /at the end of the accounts period | E13: w okresie rozlicze- niowym / in the accounts period d-c | F13: do okresu rozliczenio- wego /Until the beginning of the accounts period 0,05 x c | G13: na koniec okresu roz- liczeniowego /at the end of the accounts period 0,05 x d | H13: w okresie rozlicze- niowym /in the accounts period g-f
A14: a | B14: b | C14: c | D14: d | E14: e | F14: f | G14: g | H14: h
A15: 1 | B15: Przejściowe świadectwo płatności nr ../Interim Payment Certificate Nr .. - | C15: 0 | D15: 0 | E15: 0 | F15: 0 | G15: 0 | H15: 0
D16: Procent zatrzymania / Percentage of retention: | G16: 0.05
D18: Limit kwoty zatrzymanej /Limit of retention money:
D19: (5% ceny kontraktowej bez VAT / 5% of contract price without VAT)
B21: POTWIERDZONE PRZEZ / CONFIRMED BY:
B68: 100 | C68: 5
B69: 10 | C69: 0.5 | E69: 29900.688
B70: 10 | C70: 0.5
B71: 10 | C71: 0.5
B72: 20 | C72: 1
B73: 30 | C73: 1.5
B74: 20 | C74: 1
C75: 5

Sheet Arkusz3

Sheet Arkusz4

Sheet zbiorczy_arkusz "E"
A1: ZBIORCZE PRZEJŚCIOWE ŚWIADECTWO PŁATNOŚCI /TOTAL INTERIM PAYMENT CERTIFICATE Nr | I1: 0
B2: ZALICZKA WEDŁUG KLAUZUL 14.2 i 14.2.2/ADVANCE PAYMENT ACCORDING TO CLAUSE 14.2 AND 14.2.2.
F3: ARKUSZ "E"/ SHEET "E" | K3: Data wydania / Date of issue :
A4: Tytuł i numer Kontraktu /Tittle and number of the Contract: | K4: Data rozpoczęcia Robót /Commencement date :
A5: Zamawiający /Contracting Authority: | K5: Data zakończenia Robót /Completion date :
A6: Inżynier Kontraktu /Contract Engineer:
A7: Wykonawca /Contractor : | K7: Waluta kontraktowa /Currency of the Contract: | L7: EUR
A8: Opis Kontraktu /Description of the Contract: | J8: Kwoty w tabeli nie zawierają VAT / Values in the table do not include VAT
K9: Cena kontraktowa (z rezerwą )
K10: Contract price (with reserve)
B12: Numer Świadectwa Płatności miesiąc, rok/Nr of Payment Certificate, month, year | C12: Kwoty świadectw płatności/ Value of the payment certificates | F12: % zaawansowania robót/ % of works advancement | H12: % zal.podleg.zwrot./ % of advance payment to be returned | J12: Zwrot zaliczki/ Return of advance payment
A13: Lp./ No | C13: do okresu rozliczenio- wego /Until the beginning of the accounts period | D13: na koniec okresu roz- liczeniowego /at the end of the accounts period | E13: w okresie rozlicze- niowym / in the accounts period d-c | F13: Fakty- czny/ Actual | G13: Progowy wg Umowy/ specifically according to contract | H13: Narasta- jący/ Increasing | I13: Bieżący/ Current | J13: do okresu rozliczenio- wego /Until the beginning of the accounts period k-l | K13: na koniec okresu roz- liczeniowego /at the end of the accounts period h x (m) | L13: w okresie rozlicze- niowym/ in the accounting period i x (m)
A14: a | B14: b | C14: c | D14: d | E14: e | F14: f | G14: g | H14: h | I14: i | J14: j | K14: k | L14: l
A15: 1 | B15: Przejściowe świadectwo płatności nr ../Interim Payment Certificate Nr .. - | C15: 0 | D15: 0 | E15: 0 | F15: 0 | G15: 0 | H15: 0 | I15: 0 | J15: 0 | K15: 0 | L15: 0
G17: Zaliczka podlegająca zwrotowi (m)/ | J17: 0
G18: Advance payment to be returned (m):
B19: POTWIERDZONE PRZEZ / CONFIRMED BY:

Sheet zbiorczy_arkusz "I"
A2: ZBIORCZE ZESTAWIENIE PŁATNOŚCI DO ŚWIADECTWA PŁATNOŚCI NR/Total payment statement for Payment Certificate Nr | K2: 0
A3: ARKUSZ "I"/SHEET "I"
E4: Kwoty w walucie Kontraktowej EURO/ Values in Contract value EURO
K5: Data wydania/Date of issue:
C7: Główny kontrakt/ Main Contract | E7: Roboty dodatkowe Arkusz "C"/ Works additional Sheet "C" | F7: Razem/Total a+b+b1+c | G7: Kwoty zatrzymane Arkusz "D"/ Values Retained Sheet "D" | H7: Zwrot zaliczki Arkusz "E"/ Return Advance payments Sheet "E" | I7: Sumy zwrotne Arkusz "F"/ Sums to be returned Sheet "F" | J7: Potrącenia należne Zamawiającemu Arkusz "G"/ Deduction Due to the Contracting Authority Sheet "G" | K7: Potrącenia wynikające z upustu Arkusz "H"/ Deduction resulting from reductions Sheet "H" | L7: Kwota do wypłaty/ Value -(e+f+g+h+i)
B8: Roboty Stałe Arkusz "A"/ Permanent Works Sheet "A" | C8: Pozostałe kwoty Arkusz "B"/ Remaining sums Sheet "B" | D8: Materiały według listy Arkusz B1/Materials according to the list Sheet B1 | J8: /
B9: a | C9: b | D9: b1 | E9: c | F9: d | G9: e | H9: f | I9: g | J9: h | K9: i | L9: j
A10: ODCINEK I/ SECTION I
A11: Lacznie płatności na koniec okresu rozliczeniowego/ Total payments at the end of the accounting period | B11: 0 | E11: 0 | F11: 0 | G11: 0 | H11: 0 | L11: 0
A12: Lacznie płatności do okresu rozliczeniowego/ Total Payments up to the accounting period | B12: 0 | E12: 0 | F12: 0 | G12: 0 | H12: 0 | L12: 0
A13: Płatności lacznie w okresie rozliczeniowym/ Total payments in the accounting period | B13: 0 | E13: 0 | F13: 0 | G13: 0 | H13: 0 | L13: 0
A14: ODCINEK II/ SECTION II
A15: Lacznie płatności na koniec okresu rozliczeniowego/ Total payments at the end of the accounting period | B15: 0 | E15: 0 | F15: 0 | G15: 0 | H15: 0 | L15: 0
A16: Lacznie płatności do okresu rozliczeniowego/ Total Payments up to the accounting period | B16: 0 | E16: 0 | F16: 0 | G16: 0 | H16: 0 | L16: 0
A17: Płatności lacznie w okresie rozliczeniowym/ Total payments in the accounting period | B17: 0 | E17: 0 | F17: 0 | G17: 0 | H17: 0 | L17: 0
A18: ODCINEK III/ SECTION III
A19: Lacznie płatności na koniec okresu rozliczeniowego/ Total payments at the end of the accounting period | B19: 0 | E19: 0 | F19: 0 | G19: 0 | H19: 0 | L19: 0
A20: Lacznie płatności do okresu rozliczeniowego/ Total Payments up to the accounting period | B20: 0 | E20: 0 | F20: 0 | G20: 0 | H20: 0 | L20: 0
A21: Płatności lacznie w okresie rozliczeniowym/ Total payments in the accounting period | B21: 0 | E21: 0 | F21: 0 | G21: 0 | H21: 0 | L21: 0
A22: ODCINEK IV/ SECTION IV
A23: Lacznie płatności na koniec okresu rozliczeniowego/ Total payments at the end of the accounting period | B23: 0 | E23: 0 | F23: 0 | G23: 0 | H23: 0 | L23: 0
A24: Lacznie płatności do okresu rozliczeniowego/ Total Payments up to the accounting period | B24: 0 | E24: 0 | F24: 0 | G24: 0 | H24: 0 | L24: 0
A25: Płatności lacznie w okresie rozliczeniowym/ Total payments in the accounting period | B25: 0 | E25: 0 | F25: 0 | G25: 0 | H25: 0 | L25: 0
A26: ODCINEK Va/ SECTION Va
A27: Lacznie płatności na koniec okresu rozliczeniowego/ Total payments at the end of the accounting period | B27: 0 | E27: 0 | F27: 0 | G27: 0 | H27: 0 | L27: 0
A28: Lacznie płatności do okresu rozliczeniowego/ Total Payments up to the accounting period | B28: 0 | E28: 0 | F28: 0 | G28: 0 | H28: 0 | L28: 0
A29: Płatności lacznie w okresie rozliczeniowym/ Total payments in the accounting period | B29: 0 | E29: 0 | F29: 0 | G29: 0 | H29: 0 | L29: 0
A30: ODCINEK Vb/ SECTION Vb
A31: Lacznie płatności na koniec okresu rozliczeniowego/ Total payments at the end of the accounting period | B31: 0 | E31: 0 | F31: 0 | G31: 0 | H31: 0 | L31: 0
A32: Lacznie płatności do okresu rozliczeniowego/ Total Payments up to the accounting period | B32: 0 | E32: 0 | F32: 0 | G32: 0 | H32: 0 | L32: 0
A33: Płatności lacznie w okresie rozliczeniowym/ Total payments in the accounting period | B33: 0 | E33: 0 | F33: 0 | G33: 0 | H33: 0 | L33: 0
A35: ŁĄCZNIE ODCINKI I - Vb/ TOTAL SECTIONS I-Vb
A36: Lacznie płatności na koniec okresu rozliczeniowego/ Total payments at the end of the accounting period | B36: 0 | E36: 0 | F36: 0 | G36: 0 | H36: 0 | L36: 0
A37: Lacznie płatności do okresu rozliczeniowego/ Total Payments up to the accounting period | B37: 0 | E37: 0 | F37: 0 | G37: 0 | H37: 0 | L37: 0
A38: Płatności lacznie w okresie rozliczeniowym/ Total payments in the accounting period | B38: 0 | E38: 0 | F38: 0 | G38: 0 | H38: 0 | L38: 0
A41: POTWIERDZONE PRZEZ/ CONFIRMED BY:

Sheet arkusz "A"
A2: Nr Projektu
A3: PRZEJŚCIOWE ŚWIADECTWO PŁATNOŚCI NR
A5: ROBOTY WEDŁUG KONTRAKTU nr
A6: ARKUSZ "A"
P7: Data wydania:
A8: Okres rozliczeniowy: | P8: Data rozpoczęcia Robót:
A9: Tytuł Projektu: | P9: Data zakończenia Robót:
A10: Tytuł i numer Kontraktu: | P10: Waluta Kontraktowa: | R10: PLN
A11: Zamawiający: | P11: Kwoty w tabeli nie zawierają VAT.
A12: Inżynier: | P12: Zatwierdzona Kwota Kontraktowa | S12: netto
A13: Wykonawca:
A16: Przedmiar Robót | I16: Zmiana wartości całkowitej | L16: Ilość | O16: Wartość | R16: % zaawanso- waniana koniec okresu rozlicze- niowego k:f1 | S16: Pozostaje do zapłaty -prognoza f1-k
A17: Numer | B17: Podstawa | C17: Opis | D17: Jednostka | E17: Ilość | F17: Krotność | G17: Cena jednostkowa | H17: Wartość całkowita d x d2 x e | I17: Przewidywana Ilość | J17: Przewidywana wartość całkowita d1 x d2 x e | K17: % zmiana ilości całkowitej d1 / d | L17: Do okresu rozlicze- niowego | M17: Na koniec okresu rozlicze-niowego | N17: W okresie rozlicze- niowym h - g | O17: Do okresu rozlicze- niowego e x g x d2 | P17: Na koniec okresu rozlicze- niowego e x h x d2 | Q17: W okresie rozlicze- niowym k-j
A18: a | B18: b | D18: c | E18: d | F18: d2 | G18: e | H18: f | I18: d1 | J18: f1 | K18: f2 | L18: g | M18: h | N18: i | O18: j | P18: k | Q18: l | R18: m. | S18: n
A62: OGÓŁEM ARKUSZ "A" | H62: 0 | J62: 0 | K62: 0 | O62: 0 | P62: 0 | Q62: 0 | R62: 0 | S62: 0
A63: ROBOTY DODATKOWE I ZAMIENNE ARKUSZ "C" | J63: 0 | O63: 0 | P63: 0 | Q63: 0 | R63: 0 | S63: 0
A64: OGÓŁEM ARKUSZ "A" + "C" | H64: 0 | J64: 0 | K64: 0 | O64: 0 | P64: 0 | Q64: 0 | R64: 0 | S64: 0
A65: W TYM WARTOŚĆ KWALIFIKOWANA | O65: 0 | P65: 0 | Q65: 0
A66: W TYM WARTOŚĆ NIEKWALIFIKOWANA | O66: 0 | P66: 0 | Q66: 0
B69: POTWIERDZONE PRZEZ:

Sheet arkusz "A'" podział
A2: Nr Projektu POIS.02.03.00-00-0103/17
A3: PRZEJŚCIOWE ŚWIADECTWO PŁATNOŚCI NR
A5: ROBOTY WEDŁUG KONTRAKTU nr
A6: ARKUSZ "A'" Wydzielenie kosztów niekwalifikowanych
T7: Data wydania:
A8: Okres rozliczeniowy: | T8: Data rozpoczęcia Robót:
A9: Tytuł Projektu: | T9: Data zakończenia Robót:
A10: Tytuł i numer Kontraktu: | T10: Waluta Kontraktowa: | V10: PLN
A11: Zamawiający: | T11: Kwoty w tabeli nie zawierają VAT.
A12: Inżynier: | T12: Zatwierdzona Kwota Kontraktowa | W12: netto
A13: Wykonawca:
A18: Przedmiar Robót | I18: Zmiana wartości całkowitej | L18: Ilość kwalifikowana | O18: Wartość kwalifikowana | R18: Ilość niekwalifikowana | U18: Wartość niekwalifikowana
A19: Numer | B19: Podstawa | C19: Opis | D19: Jednostka | E19: Ilość | F19: Krotność | G19: Cena jednostkowa | H19: Wartość całkowita d x e x f | I19: Przewidywana Ilość | J19: Przewidywana wartość całkowita d1 x d2 x e | K19: % zmiana ilości całkowitej d1 / d | L19: Do okresu rozlicze- niowego | M19: Na koniec okresu rozlicze- niowego | N19: W okresie rozlicze- niowym h - g | O19: Do okresu rozlicze- niowego e x g x d2 | P19: Na koniec okresu rozlicze- niowego e x h x d2 | Q19: W okresie rozlicze- niowym k-j | R19: Do okresu rozlicze- niowego | S19: Na koniec okresu rozlicze- niowego | T19: W okresie rozlicze- niowym h - g | U19: Do okresu rozlicze- niowego e x g x d2 | V19: Na koniec okresu rozlicze- niowego e x h x d2 | W19: W okresie rozlicze- niowym k-j
A20: a | B20: b | D20: c | E20: d | F20: d2 | G20: e | H20: f | I20: d1 | J20: f1 | K20: f2 | L20: g | M20: h | N20: i | O20: j | P20: k | Q20: l | R20: g | S20: h | T20: i | U20: j | V20: k | W20: l
I21: CZEŚĆ "A"
A65: OGÓŁEM ARKUSZ "A" | H65: 0 | J65: 0 | K65: 0 | O65: 0 | P65: 0 | Q65: 0 | U65: 0 | V65: 0 | W65: 0
C68: POTWIERDZONE PRZEZ:
P72: =O65+Q65-P65 -> 0 | V72: =U65+W65-V65 -> 0
H74: =H65-'arkusz "A"'!H62 -> 0 | J74: =J65-'arkusz "A"'!J62 -> 0 | O74: =O65-'arkusz "A"'!O65 -> 0 | P74: =P65-'arkusz "A"'!P65 -> 0 | Q74: =Q65-'arkusz "A"'!Q65 -> 0 | U74: =U65-'arkusz "A"'!O66 -> 0 | V74: =V65-'arkusz "A"'!P66 -> 0 | W74: =W65-'arkusz "A"'!Q66 -> 0
H76: =H22+#REF!+#REF!+#REF!+#REF!-H65 -> #REF! | I76: =I22+#REF!+#REF!+#REF!+#REF!-I65 -> #REF! | J76: =J22+#REF!+#REF!+#REF!+#REF!-J65 -> #REF! | L76: =L22+#REF!+#REF!+#REF!+#REF!-L65 -> #REF! | M76: =M22+#REF!+#REF!+#REF!+#REF!-M65 -> #REF! | N76: =N22+#REF!+#REF!+#REF!+#REF!-N65 -> #REF! | O76: =O22+#REF!+#REF!+#REF!+#REF!-O65 -> #REF! | P76: =P22+#REF!+#REF!+#REF!+#REF!-P65 -> #REF! | Q76: =Q22+#REF!+#REF!+#REF!+#REF!-Q65 -> #REF! | R76: =R22+#REF!+#REF!+#REF!+#REF!-R65 -> #REF! | S76: =S22+#REF!+#REF!+#REF!+#REF!-S65 -> #REF! | ... W76: =W22+#REF!+#REF!+#REF!+#REF!-W65 -> #REF!
H77: =H23+#REF!+#REF!+#REF!+#REF!+#REF!+#REF!+#REF!+#REF!+#REF!+#REF!+#REF!-H65 -> #REF! | I77: =I23+#REF!+#REF!+#REF!+#REF!+#REF!+#REF!+#REF!+#REF!+#REF!+#REF!+#REF!-I65 -> #REF! | J77: =J23+#REF!+#REF!+#REF!+#REF!+#REF!+#REF!+#REF!+#REF!+#REF!+#REF!+#REF!-J65 -> #REF! | L77: =L23+#REF!+#REF!+#REF!+#REF!+#REF!+#REF!+#REF!+#REF!+#REF!+#REF!+#REF!-L65 -> #REF! | M77: =M23+#REF!+#REF!+#REF!+#REF!+#REF!+#REF!+#REF!+#REF!+#REF!+#REF!+#REF!-M65 -> #REF! | N77: =N23+#REF!+#REF!+#REF!+#REF!+#REF!+#REF!+#REF!+#REF!+#REF!+#REF!+#REF!-N65 -> #REF! | O77: =O23+#REF!+#REF!+#REF!+#REF!+#REF!+#REF!+#REF!+#REF!+#REF!+#REF!+#REF!-O65 -> #REF! | P77: =P23+#REF!+#REF!+#REF!+#REF!+#REF!+#REF!+#REF!+#REF!+#REF!+#REF!+#REF!-P65 -> #REF! | Q77: =Q23+#REF!+#REF!+#REF!+#REF!+#REF!+#REF!+#REF!+#REF!+#REF!+#REF!+#REF!-Q65 -> #REF! | R77: =R23+#REF!+#REF!+#REF!+#REF!+#REF!+#REF!+#REF!+#REF!+#REF!+#REF!+#REF!-R65 -> #REF! | S77: =S23+#REF!+#REF!+#REF!+#REF!+#REF!+#REF!+#REF!+#REF!+#REF!+#REF!+#REF!-S65 -> #REF! | ... W77: =W23+#REF!+#REF!+#REF!+#REF!+#REF!+#REF!+#REF!+#REF!+#REF!+#REF!+#REF!-W65 -> #REF!

Sheet arkusz "C"
B4: Nr Projektu POIS.02.03.00-00-0103/17
A5: PRZEJŚCIOWE ŚWIADECTWO PŁATNOŚCI NR
B6: ROBOTY DODATKOWE I ZAMIENNE
A7: ARKUSZ "C"
O9: Data wydania:
B10: Okres rozliczeniowy: | O10: Data rozpoczęcia Robót:
B11: Tytuł Projektu: | O11: Data zakończenia Robót:
B12: Tytuł i numer Kontraktu: | O12: Waluta Kontraktowa: | Q12: PLN
B13: Zamawiający: | O13: Kwoty w tabeli nie zawierają VAT.
B14: Inżynier: | O14: Zatwierdzona Kwota Kontraktowa | R14: netto
B15: Wykonawca:
C18: Roboty dodatkowe i zamienne | K18: Ilości | N18: Wartość | P18: % zaawans. na koniec okresu rozliczeniowego m : h
B19: Lp. / poz. | C19: Opis Robót | D19: Jedno-stka | E19: Szacowana Ilość | F19: Przewidywana ilość wykonanych robót | G19: Cena jednostko- wa | H19: Szacowana Wartość całkowita d x f | I19: Przewidywana wartość całkowita e x f | J19: do okresu rozlicze- niowego | K19: na koniec okresu rozlicze- niowego | L19: w okresie rozliczeniowym j-i | M19: do okresu rozliczeniowego i x f | N19: na koniec okresu rozliczeniowego j x f | O19: w okresie rozliczeniowym m - l | Q19: Pozostaje do zapłaty (prognoza) h - m
B20: a | C20: b | D20: c | E20: d | F20: e | G20: f | H20: g | I20: h | J20: i | K20: j | L20: k | M20: l | N20: m | O20: n | P20: o | Q20: p
B25: OGÓŁEM ARKUSZ "C" | H25: =SUM(H22:H24) -> 0 | I25: =SUM(I22:I24) -> 0 | M25: =SUM(M22:M24) -> 0 | N25: =SUM(N22:N24) -> 0 | O25: =SUM(O22:O24) -> 0 | P25: 0 | Q25: =SUM(Q22:Q24) -> 0
B26: W TYM KOSZTY KWALIFIKOWANE | M26: 0 | N26: 0 | O26: 0
B27: W TYM KOSZTY NIEKWALIFIKOWANE | M27: 0 | N27: 0 | O27: 0
C31: POTWIERDZONE PRZEZ:

Sheet arkusz "F"
A3: Nr Projektu POIS.02.03.00-00-0103/17
A4: PRZEJŚCIOWE ŚWIADECTWO PŁATNOŚCI NR
A6: KWOTA ZWROTNA NALEŻNA ZAMAWIAJĄCEMU
A7: ARKUSZ "F"
A9: Okres rozliczeniowy:
A10: Tytuł Projektu: | E10: Data wydania:
A11: Tytuł i numer Kontraktu: | E11: Data rozpoczęcia Robót:
A12: Zamawiający: | E12: Data zakończenia Robót:
A13: Inżynier: | E13: Waluta Kontraktowa: | G13: PLN
A14: Wykonawca: | E14: Kwoty w tabeli nie zawierają VAT.
E15: Zatwierdzona Kwota Kontraktowa | H15: netto
B18: Kosztorys lub inny tytuł (zgodnie z kontraktem) | D18: Tytuł sumy zwrotnej i podstawa umowna | E18: Wysokość sumy zwrotnej
A19: Lp. | B19: Numer Specyfikacji Technicznej i opis Robót ( kwot ) | C19: Wartość całkowita | E19: do okresu rozliczeniowego | F19: na koniec okresu rozliczeniowego | G19: w okresie rozliczeniowym
A20: a | B20: b | C20: c | D20: d | E20: e | F20: f | G20: g
C29: =SUM(C21:C28) -> 0 | E29: =SUM(E21:E28) -> 0 | F29: =SUM(F21:F28) -> 0 | G29: =SUM(G21:G28) -> 0
B31: POTWIERDZONE PRZEZ:

Sheet arkusz "G"
A2: Nr Projektu POIS.02.03.00-00-0103/17
A3: PRZEJŚCIOWE ŚWIADECTWO PŁATNOŚCI NR
A5: POTRĄCENIA NALEŻNE ZAMAWIAJĄCEMU
A6: ARKUSZ "G"
A8: Okres rozliczeniowy:
A9: Tytuł Projektu: | F9: Data wydania:
A10: Tytuł i numer Kontraktu: | F10: Data rozpoczęcia Robót:
A11: Zamawiający: | F11: Data zakończenia Robót:
A12: Inżynier: | F12: Waluta Kontraktowa: | G12: PLN
A13: Wykonawca: | F13: Kwoty w tabeli nie zawierają VAT.
F14: Zatwierdzona Kwota Kontraktowa | H14: netto
B17: Kosztorys lub inny tytuł (zgodnie z kontraktem) | D17: Tytuł potrącenia i podstawa umowna | E17: Wysokość potrącenia
A18: Lp. | B18: Numer Specyfikacji Technicznej i opis Robót (kwot) | C18: Wartość całkowita | E18: do okresu rozliczenio- wego | F18: na koniec okresu roz- liczeniowego | G18: w okresie rozlicze- niowym
A19: a | B19: b | C19: c | D19: d | E19: e | F19: f | G19: g
C23: =SUM(C20:C22) -> 0 | E23: =SUM(E20:E22) -> 0 | F23: =G23+E23 -> 0 | G23: =SUM(G20:G22) -> 0
B25: POTWIERDZONE PRZEZ:

Sheet arkusz"I"
B3: Nr Projektu POIS.02.03.00-00-0103/17
B4: ZBIORCZE ZESTAWIENIE PŁATNOŚCI DO PRZEJŚCIOWEGO ŚWIADECTWA PŁATNOŚCI NR
B6: ARKUSZ "I"
B8: Okres rozliczeniowy:
B9: Tytuł Projektu: | I9: Data wydania:
B10: Tytuł i numer Kontraktu: | I10: Data rozpoczęcia Robót:
B11: Zamawiający: | I11: Data zakończenia Robót:
B12: Inżynier: | I12: Waluta Kontraktowa: | J12: PLN
B13: Wykonawca: | I13: Kwoty w tabeli nie zawierają VAT.
I14: Zatwierdzona Kwota Kontraktowa | K14: netto
D17: Roboty Stałe Arkusz "A" | E17: Roboty dodatkowe i zamienne Arkusz "C" | F17: Razem a+b | G17: Sumy zwrotne należne Zamawiającemu Arkusz "F" | H17: Potrącenia należne Zamawiającemu Arkusz"G" | I17: Kwota do wypłaty c -(e+f)
D19: a | E19: b | F19: c | G19: e | H19: f | I19: g
B20: Płatności na koniec okresu rozliczeniowego | D20: 0 | E20: 0 | F20: =SUM(D20:E20) -> 0 | G20: 0 | H20: 0 | I20: =F20-G20-H20 -> 0 | L20: =D20-F20 -> 0 | M20: =F20-I20 -> 0 | N20: =I20-'arkusz "A"'!P64 -> 0
B21: Płatności do okresu rozliczeniowego | D21: 0 | E21: 0 | F21: =SUM(D21:E21) -> 0 | G21: 0 | H21: 0 | I21: =F21-G21-H21 -> 0 | L21: =D21-F21 -> 0 | M21: =F21-I21 -> 0 | N21: =I21-'arkusz "A"'!O64 -> 0
B22: Płatności w okresie rozliczeniowym | D22: 0 | E22: 0 | F22: =SUM(D22:E22) -> 0 | G22: 0 | H22: 0 | I22: =F22-G22-H22 -> 0 | L22: =D22-F22 -> 0 | M22: =F22-I22 -> 0 | N22: =I22-'arkusz "A"'!Q64 -> 0
B25: POTWIERDZONE PRZEZ
D29: =D22+D21-D20 -> 0 | E29: =E22+E21-E20 -> 0 | F29: =F22+F21-F20 -> 0 | G29: =G22+G21-G20 -> 0 | H29: =H22+H21-H20 -> 0 | I29: =I22+I21-I20 -> 0
